Map: Apotheosis LE

Players

llllllllllll - Winner!

  • Race: Zerg Zerg
  • League: Grandmaster

Snake

  • Race: Zerg Zerg
  • League: Grandmaster

VOD

Have the link to the VOD?

Description

fast gold for the win Ling bane play

Time

  • Played on: Aug. 31, 2016, 8:23 a.m.
  • Length: 7:15
Show
View Real Time Build Order
Export as new Build Order

llllllllllll Zerg - Winner!

Build Orders: Hatch First, Zergling Baneling 

Get SALT Encoding   

  12  0:00  Drone  
  13  0:12  Overlord  
  13  0:17  Drone  
  14  0:30  Drone  
  14  0:31  Drone  
  14  0:34  Drone  
  17  0:52  Hatchery  
  17  0:55  Drone  
  17  0:58  Drone  
  18  1:08  Extractor  
  17  1:12  Spawning Pool  
  17  1:15  Drone  
  17  1:18  Drone  
  18  1:28  Drone  
  19  1:39  Overlord  
  19  1:49  Drone  
  20  1:59  Queen  
  20  2:00  Zergling x2  
  23  2:03  Queen  
  23  2:04  Drone  
  26  2:08  Metabolic Boost  
  26  2:11  Drone  
  28  2:15  Drone  
  28  2:22  Drone  
  29  2:25  Drone  
  30  2:32  Drone  
  30  2:36  Baneling Nest, Drone  
  31  2:46  Evolution Chamber  
  31  2:49  Overlord  
  30  2:51  Drone  
  31  3:00  Zergling x2  
  31  3:01  Drone  
  31  3:04  Hatchery  
  31  3:16  Zerg Melee Weapons Level 1  
  31  3:18  Drone x3  
  31  3:19  Drone  
  35  3:26  Drone x4  
  39  3:32  Overlord  
  39  3:36  Queen  
  41  3:43  Zergling x6  
  44  3:53  Zergling x2  
  44  3:54  Overlord, Zergling x2  
  44  3:55  Zergling x4  
  48  4:01  Zergling x4  
  48  4:02  Zergling x2  
  50  4:05  Baneling  
  50  4:06  Baneling x5  
  50  4:08  Overlord  
  50  4:12  Zergling x2  
  50  4:14  Baneling  
  51  4:18  Zergling x2  
  51  4:19  Zergling x8  
  54  4:27  Baneling x2  
  53  4:40  Zergling x2  
  53  4:41  Zergling x2  
  54  4:50  Zergling x6  
  54  4:51  Zergling x6  
  54  4:52  Zergling x10  
  63  4:57  Baneling x3  
  63  4:59  Queen x2  
  63  5:00  Zergling x2  
  63  5:03  Zergling x2  
  63  5:04  Zergling x4  
  63  5:06  Baneling  
  69  5:12  Overlord  
  69  5:27  Overlord x2  
  69  5:37  Overlord  
  69  5:45  Baneling x2  
  69  5:46  Overlord, Baneling x2  
  69  5:47  Zergling x2  
  70  5:50  Zergling x2  
  70  5:53  Zergling x2  
  70  5:58  Zergling x2  
  70  5:59  Baneling x2  
  67  6:04  Zergling x2  
  67  6:05  Zergling x2  
  67  6:08  Zergling x8  
  70  6:15  Zergling x2  
  70  6:16  Zergling x2  
  63  6:23  Zergling x2  
  63  6:24  Zergling x2  
  63  6:25  Zergling x12  
  70  6:29  Zergling x2  
  60  6:40  Zergling x2  
  60  6:41  Zergling x2  
  61  6:54  Zergling x12  
Show
View Real Time Build Order
Export as new Build Order

Snake Zerg 

Build Orders: Hatch First 

Get SALT Encoding   

  12  0:01  Drone  
  13  0:12  Overlord  
  13  0:19  Drone  
  14  0:32  Drone x2  
  14  0:34  Drone  
  17  0:46  Drone  
  18  1:00  Hatchery  
  17  1:13  Spawning Pool  
  17  1:17  Drone  
  17  1:18  Extractor  
  17  1:20  Drone  
  17  1:29  Drone x2  
  19  1:42  Drone  
  20  1:50  Overlord  
  20  1:59  Queen  
  22  2:09  Drone  
  22  2:11  Drone  
  22  2:13  Queen  
  27  2:15  Drone  
  27  2:25  Drone x2  
  27  2:28  Metabolic Boost  
  29  2:37  Baneling Nest  
  29  2:40  Queen  
  29  2:42  Overlord  
  29  2:44  Drone  
  31  2:53  Drone x2  
  33  2:59  Drone x2  
  33  3:04  Drone  
  36  3:05  Spine Crawler  
  36  3:09  Drone  
  36  3:13  Zergling x4  
  36  3:15  Zergling x2  
  39  3:21  Zergling x4  
  39  3:25  Zergling x4  
  44  3:27  Overlord  
  44  3:33  Overlord  
  44  3:37  Overlord  
  44  3:44  Baneling  
  44  3:45  Baneling x2  
  44  3:46  Overlord  
  44  3:47  Drone  
  45  3:48  Zergling x4  
  45  3:49  Zergling x2  
  45  3:54  Zergling x2  
  49  3:56  Zergling x4  
  49  3:58  Zergling x4  
  52  4:05  Zergling x4  
  54  4:11  Baneling x2  
  54  4:19  Zergling x4  
  53  4:34  Drone  
  53  4:35  Drone  
  52  4:45  Baneling  
  49  4:49  Drone x2  
  49  4:50  Zergling x6  
  52  4:59  Zergling x4  
  53  5:00  Zergling x4  
  53  5:03  Zergling x4  
  56  5:07  Queen x2  
  56  5:08  Roach Warren  
  56  5:09  Evolution Chamber  
  56  5:11  Zergling x2  
  59  5:14  Baneling  
  59  5:15  Baneling x3  
  59  5:16  Hatchery, Spine Crawler  
  59  5:20  Drone  
  58  5:29  Drone x2  
  58  5:33  Zergling x2  
  58  5:34  Zergling x2  
  62  5:36  Zergling x4  
  62  5:37  Baneling x2  
  62  5:39  Zergling x2  
  62  5:41  Zergling x4  
  62  5:42  Zergling x2  
  68  5:49  Evolution Chamber  
  64  6:10  Baneling x5  
  57  6:13  Zergling x14  
  57  6:14  Zergling x2  
  57  6:16  Zergling x6  
  61  6:22  Zergling x2  
  58  6:29  Drone  
  58  6:30  Drone  
  53  6:34  Zergling x2  
  53  6:37  Zergling x2  
  53  6:41  Zergling x8  
  53  6:42  Baneling x3  
  53  6:44  Zergling x2  
  57  6:50  Overlord x2  
  49  6:59  Baneling x2  
Tags
 
Add a new tag
Caveats
  • Supply blocks, unpowered buildings, or Contaminate may cause inaccurate times.
  • Supply counts are checked every 10 seconds.